 Dungeon Crawl Stone Soup version 0.31-a0-569-g7ea453304b (webtiles) character file.

Game seed: 8520653253204589194

151 Ethylacetat the Ducker (level 5, -9/36 HPs)
             Began as an Octopode Gladiator on Aug 18, 2023.
             Mangled by Edmund
             ... wielding a +6 flail of holy wrath
              (12 damage)
             ... on level 4 of the Dungeon.
             The game lasted 00:02:32 (1704 turns).

Ethylacetat the Ducker (Octopode Gladiator)         Turns: 1704, Time: 00:02:33

Health: -9/36      AC:  1    Str: 17    XL:     5   Next: 33%
Magic:  5/5        EV: 15    Int: 10    God:
Gold:   92         SH:  0    Dex: 16    Spells: 4/4 levels left

rFire   . .          .
                       - Unarmed
rCold   . . .        (no shield)
rNeg    . . .        a - +0 hat
rPois   .            (no amulet)
rElec   .            d - +6 ring of strength
rCorr   .            (no ring)
SInv    +            (no ring)
Will    .....        (no ring)
Stlth   ++           (no ring)
HPRegen 0.26/turn    (no ring)
MPRegen 0.09/turn    (no ring)
                     (no ring)

%: no passive effects
@: unable to drink
A: almost no armour, amphibious, 8 rings, camouflage 1, gelatinous body 1,
(nimble swimmer 1), tentacles, see invisible, weak 1, inability to drink after
injury 1
a: no special abilities


You were on level 4 of the Dungeon.
You visited 1 branch of the dungeon, and saw 4 of its levels.

You collected 92 gold pieces.

Inventory:

Missiles
 b - 3 throwing nets (quivered)
 c - a javelin
Armour
 a - a +0 hat (worn)
Jewellery
 d - a +6 ring of strength (left tentacle)
Scrolls
 f - a scroll of teleportation {unknown}
 h - 2 scrolls of enchant armour {unknown}
 j - a scroll of amnesia {unknown}
 k - a scroll of vulnerability {unknown}
Potions
 e - a potion of lignification
 i - a potion of mutation
 l - a potion of heal wounds {unknown}
 m - a potion of curing {unknown}


   Skills:
 + Level 3.4 Fighting
 - Level 2.0 Throwing
 + Level 4.1 Dodging
 + Level 4.1 Unarmed Combat


You had 4 spell levels left.
You didn't know any spells.
Your spell library contained the following spells:

 Spells                   Type           Power      Damage    Failure   Level
 Cigotuvi's Dreadful Rot  Necr/Pois/Air  0%         N/A       50%         2
 Ignite Poison            Fire/Tmut/Pois 0%         N/A       75%         3
 Freezing Cloud           Conj/Ice/Air   0%         6-21      100%        5


Dungeon Overview and Level Annotations

Branches:
Dungeon (3/15)

Altars:
Nemelex Xobeh
Wu Jian

Annotations:
D:4 Edmund


Innate Abilities, Weirdness & Mutations

You cannot wear most types of armour.
You are amphibious.
You can wear up to eight rings at the same time.
Your skin changes colour to match your surroundings (Stealth+).
Your rubbery body absorbs attacks. (AC +1, EV +1)
((You are camouflaged when in or above water. (Stealth+)))
You have tentacles for arms and can constrict up to eight enemies at once.
You have supernaturally acute eyesight. (SInv)
You are weak. (Str -2)
You occasionally lose the ability to drink potions when taking damage.


Message History

You hit the worm.
The worm is almost dead.
You smack the worm!
You kill the worm!
You start resting.
Your transformation is almost over.
You feel less wooden.
Your +0 hat unmelds from your body.
HP restored.
Found a sparkling altar of Nemelex Xobeh.
Edmund the Younger comes into view.
He is wielding a +6 flail of holy wrath.
You feel stronger.
d - a +6 ring of strength (left tentacle)
You drop an amulet of the acrobat.
Edmund is nearby!
Found a war axe.
Found 12 gold pieces.
Edmund hits you with a +6 flail of holy wrath!
You barely miss Edmund. You grab Edmund. You constrict Edmund.
Edmund hits you with a +6 flail of holy wrath!
You are too injured to fight recklessly!
You are too injured to fight recklessly!
You are too injured to fight recklessly!
You are too injured to fight recklessly!
You tentacle-slap Edmund.
Edmund is lightly wounded.
You constrict Edmund, but do no damage.
Edmund hits you with a +6 flail of holy wrath!
* * * LOW HITPOINT WARNING * * *
Attack: -) Tentacles
Press: ? - help, Dir - move target, f - Edmund
Aim: Edmund, wielding a +6 flail of holy wrath and wearing a +0 leather armour (lightly wounded, constricted by you, about 9% to evade your tentacles)
Okay, then.
It was a potion of mutation.
You feel extremely strange.
You occasionally lose the ability to drink potions when taking damage.
You feel weaker.
Your vision sharpens.
You constrict Edmund.
Edmund hits you with a +6 flail of holy wrath!
You feel threatened and lose the ability to drink potions!
You die...

#................#....
#..PP......#..........
#..P..PP...#..........
#.PP..PP..............
#.P..PP...."$.........
#.P..PP._.............
#.P..PP...............
.....PP..............
.P...P...?..@.......
.P..PP.....@.......
.PP..P...........).
PP..P............$
P..P.............
..PP............
..P............
..PP...........


You could see Edmund.

Vanquished Creatures
  A scorpion (D:4)
  A jelly (D:4)
  2 adders (D:4)
  2 worms
  2 dart slugs
  A bat (D:2)
  5 endoplasms (D:2)
  A giant cockroach (D:4)
  4 goblins
  5 hobgoblins
  A quokka (D:1)
  5 ball pythons
  3 frilled lizards
  2 kobolds (D:2)
  4 rats
39 creatures vanquished.

Vanquished Creatures (others)
  A hobgoblin (D:2)
1 creature vanquished.

Grand Total: 40 creatures vanquished

Notes
Turn   | Place    | Note
-------+----------+-------------------------------------------
     0 | D:1      | Ethylacetat the Octopode Gladiator began the quest for the
                  | Orb.
     0 | D:1      | Reached XP level 1. HP: 14/14 MP: 1/1
   496 | D:1      | Reached XP level 2. HP: 19/19 MP: 2/2
   823 | D:2      | Reached XP level 3. HP: 25/25 MP: 3/3
  1049 | D:2      | Found a faded altar of an unknown god.
  1389 | D:3      | You fall into a shaft and drop 1 floor!
  1430 | D:4      | Found an ornate altar of the Wu Jian Council.
  1442 | D:4      | Reached XP level 4. HP: 28/31 MP: 4/4
  1493 | D:4      | Noticed a scorpion
  1518 | D:4      | Killed a scorpion
  1519 | D:4      | Reached XP level 5. HP: 10/36 MP: 5/5
  1528 | D:4      | HP: 2/54 [poisoned by a scorpion]
  1685 | D:4      | Found a sparkling altar of Nemelex Xobeh.
  1695 | D:4      | Noticed Edmund
  1704 | D:4      | Gained mutation: You occasionally lose the ability to drink
                  | potions when taking damage. [potion of mutation]
  1704 | D:4      | Gained mutation: You are weak. (Str -2) [potion of
                  | mutation]
  1704 | D:4      | Gained mutation: You have supernaturally acute eyesight.
                  | (SInv) [potion of mutation]
  1704 | D:4      | Mangled by Edmund

Illustrated notes

Levels and vault maps discovered:
D:1:      lemuel_arrival_rhombus, layout_loops_cross, corner_web_ring
D:2:      minmay_spotlight, layout_loops_ring,
          shapermc_ecumenical_altar_mp_ritualfount, serial_park_tiny_2,
          minmay_heptomino_l4
D:3:      layout_loops_ring, kennysheep_vampire_church,
          nicolae_hepliaklqana_hazy_memory, serial_shops,
          nicolae_shop_gaudy_bauble, kennysheep_generic_room_9, uniq_natasha
D:4:      layout_layer_cave, mainiacjoe_overflow_catch_the_wave,
          nicolae_wu_jian_wuxing_cycle, minmay_statues_item,
          uniq_crazy_yiuf_cottage, uniq_edmund

Skill      XL: |  1  2  3  4 |
---------------+-------------+-----
Fighting       | 3 |  3.4
Dodging        | 4 |  4.1
Unarmed Combat | 4 |  4.1
Throwing       | |  2.0

Action                     |  1- 3 |  4- 6 || total
---------------------------+-------+-------++-------
  Melee: Unarmed           |    64 |    26 ||    90
         Tentacles         |    10 |     5 ||    15
         Constrict         |    16 |     6 ||    22
         Punch             |     1 |     2 ||     3
    Use: Potion            |       |     2 ||     2
   Stab: Sleeping          |    11 |       ||    11
 Armour: Skin              |     6 |    10 ||    16
  Dodge: Dodged            |    38 |     7 ||    45

Table legend: (Time is in decaauts)
 A = Elapsed time spent in this place.
 B = Non-inter-level travel time spent in this place.
 C = Inter-level travel time spent in this place.
 D = Time resting spent in this place.
 E = Time spent auto-exploring this place.
 F = Levels seen in this place.
 G = Mean time per level.
                   A        B        C        D        E       F      G
               +--------+--------+--------+--------+--------+-----+--------+
         Total |   1696 |   1639 |     57 |     24 |   1333 |   4 |  424.0 |
       Dungeon |   1696 |   1639 |     57 |     24 |   1333 |   4 |  424.0 |
               +--------+--------+--------+--------+--------+-----+--------+

Top non-repeatable levels by time:
     D:2: 708 daAuts
     D:1: 664 daAuts
     D:4: 311 daAuts
     D:3: 11 daAuts
